 Dungeon Crawl Stone Soup version 0.17-a0-1731-g129c023 (webtiles) character file.

3082 Lippupalvelu the Fighter (level 9, -14/93 HPs)
             Began as a Gargoyle Fighter on Aug 29, 2015.
             Was a Follower of Trog.
             Demolished by a komodo dragon (19 damage)
             ... on level 9 of the Dungeon.
             The game lasted 00:24:15 (6175 turns).

Lippupalvelu the Fighter (Gargoyle Fighter)         Turns: 6175, Time: 00:24:15

Health: -14/93     AC: 23    Str: 28    XL:     9   Next: 89%
Magic:  9/9        EV:  6    Int:  8    God:    Trog [*.....]
Gold:   353        SH: 11    Dex: 10    Spells: 0 memorised, 8 levels left

rFire  . . .     SeeInvis .     n - +2 mace (crush)
rCold  . . .     Clarity  .     F - +1 plate armour
rNeg   + + .     SustAt   .     c - +0 shield
rPois  ∞         Gourm    .     (no helmet)
rElec  +         Spirit   .     (no cloak)
rCorr  .         Warding  .     h - +2 pair of gloves
rMut   .         Stasis   .     (no boots)
MR     +....                    (no amulet)
Stlth  ..........               G - ring of protection from magic
                                C - ring of positive energy

@: berserking, very quick, somewhat resistant to hostile enchantments, extremely
unstealthy
A: negative energy resistance 1, electricity resistance, unbreathing,
petrification resistance, rot immunity, AC +5
a: Burn Spellbooks, Berserk, Renounce Religion


You were on level 9 of the Dungeon.
You worshipped Trog.
Trog was aware of your devotion.
You were very hungry.

You visited 2 branches of the dungeon, and saw 10 of its levels.

You collected 353 gold pieces.

Inventory:

Hand weapons
 a - a +1 flail
 n - a +2 mace of crushing (weapon)
 o - a +1 whip of electrocution
 w - a +4 blowgun
 z - a +0 dire flail
 E - a +2 scythe of pain
Missiles
 x - 45 poisoned needles (quivered)
Armour
 b - a +0 scale mail
 c - a +0 shield (worn)
 h - a +2 pair of gloves (worn)
 u - a +0 cloak
 F - a +1 plate armour (worn)
Jewellery
 g - an uncursed ring of fire
 C - a ring of positive energy (left hand)
 G - a ring of protection from magic (right hand)
 L - a cursed -5 ring of protection
Magical devices
 I - a wand of slowing (28)
 K - a wand of digging (13)
Scrolls
 k - 2 scrolls of recharging
 p - 2 scrolls of amnesia
 s - 3 scrolls of noise
 t - 5 scrolls of identify
 v - 2 scrolls of teleportation
 y - a scroll of magic mapping
 B - 2 scrolls of remove curse
 H - 2 scrolls of enchant weapon
Potions
 d - 2 potions of might
 f - a potion of mutation {unknown}
 i - a potion of haste {unknown}
 l - 2 potions of curing {unknown}
 q - 2 potions of invisibility {unknown}
 r - 3 potions of flight {unknown}
 A - 2 potions of heal wounds {unknown}
 N - a potion of cancellation {unknown}
Books
 D - a book of Power

   Spells                             Type                      Level
   a - Fulminant Prism                Conjuration/Hexes            4
   b - Iskenderun's Mystic Blast      Conjuration                  4
   c - Venom Bolt                     Conjuration/Poison           5
   d - Bolt of Magma                  Conjuration/Fire/Earth       5
   e - Iron Shot                      Conjuration/Earth            6
   f - Orb of Destruction             Conjuration                  7
   g - Spellforged Servitor           Conjuration/Summoning        7
   Trog disapproves of the use of such an item.
Comestibles
 e - 8 bread rations
 j - 4 meat rations
 m - a beef jerky
 J - a slice of pizza
 M - 2 chunks of flesh


   Skills:
 * Level 9.9 Fighting
 + Level 6.2 Maces & Flails
 + Level 7.1 Armour
 + Level 7.5 Shields


You had 8 spell levels left.
You didn't know any spells.

Dungeon Overview and Level Annotations

Branches:
Dungeon (9/15)             Temple (1/1) D:6
   Lair: D:8-11         Orc: D:9-12

Altars:
Ashenzari
Cheibriados
Elyvilon
Fedhas
Gozag
Kikubaaqudgha
Makhleb
Nemelex Xobeh
Okawaru
Qazlal
Ru
Sif Muna
Trog
Vehumet
Xom
Yredelemnul
Zin
The Shining One

Shops:
D:5 :   D:7 =


Innate Abilities, Weirdness & Mutations

You are resistant to torment.
Your stone body is resilient (AC +5).
You are immune to poison.
You resist negative energy.
You are resistant to electric shocks.
You can survive without breathing.
You are immune to petrification.
You are immune to rotting.


Message History

You closely miss the komodo dragon. The komodo dragon bites you!
* * * LOW HITPOINT WARNING * * *
You hit the komodo dragon but do no damage.
The komodo dragon barely misses you.
Use which ability? (? or * to list)
A red film seems to cover your vision as you go berserk!
You feel yourself moving faster!
You feel mighty!
You are feeling very hungry.
The komodo dragon bites you but does no damage.
You barely miss the komodo dragon.
The komodo dragon bites you but does no damage.
You sock the komodo dragon!
The komodo dragon is moderately wounded.
You sock the komodo dragon!
The komodo dragon is heavily wounded.
You block the komodo dragon's attack.
You sock the komodo dragon!
The komodo dragon is almost dead.
The komodo dragon bites you!!
You die...

# #. .. +.#.
.# #.#.##.
......
#####.!K###.#
..$..KKKl...#
#K# # #l# .#
######@##..#
........<...#
.......(##.##
######### #


You could see a komodo dragon, an iguana and 4 kobolds.

Vanquished Creatures
  Pikel (D:5)
  The ghost of Lippupalvelu the Digger, an experienced GrEE of Vehumet (D:4)
  Sigmund (D:5)
  Edmund (D:4)
  A black bear (D:8)
  2 ice beasts
  2 phantoms
  An orc warrior (D:7)
  2 ogres
  A big kobold (D:9)
  A centaur (D:4)
  A giant frog (D:6)
  Blork the orc (D:6)
  4 killer bees (D:8)
  4 scorpions
  A water moccasin skeleton (D:7)
  The ghost of Gargoyl the Skirmisher, a weakling DsAK of Lugonu (D:3)
  A jelly (D:8)
  2 hounds
  A quasit (D:7)
  2 crimson imps (D:8)
  A giant frog zombie (D:8)
  A giant frog skeleton (D:4)
  3 orc wizards
  An orc priest (D:3)
  5 worker ants
  A worker ant zombie (D:7)
  6 adders
  2 shadow imps
  2 oozes
  3 worms
  An adder skeleton (D:8)
  5 giant geckos
  15 orcs
  5 bats
  8 hobgoblins
  9 jackals
  4 quokkas
  3 giant cockroaches
  3 giant newts
  5 goblins
  7 kobolds
  A quokka zombie (D:7)
  9 rats
132 creatures vanquished.

Notes
Turn   | Place    | Note
--------------------------------------------------------------
     0 | D:1      | Lippupalvelu the Gargoyle Fighter began the quest for the Orb.
     0 | D:1      | Reached XP level 1. HP: 14/14 MP: 1/1
   181 | D:1      | Reached XP level 2. HP: 17/19 MP: 2/2
   665 | D:2      | Reached XP level 3. HP: 14/24 MP: 3/3
   814 | D:2      | Reached skill level 4 in Fighting
  1002 | D:2      | Reached XP level 4. HP: 29/29 MP: 4/4
  1529 | D:3      | Reached XP level 5. HP: 31/34 MP: 5/5
  1776 | D:3      | Noticed Gargoyl's ghost (weakling DsAK)
  1794 | D:3      | Killed Gargoyl's ghost
  1794 | D:3      | Reached skill level 5 in Fighting
  2013 | D:4      | Reached XP level 6. HP: 40/40 MP: 6/6
  2016 | D:4      | Found a white marble altar of Elyvilon.
  2072 | D:4      | Noticed Lippupalvelu's ghost (experienced GrEE)
  2106 | D:4      | Killed Lippupalvelu's ghost
  2106 | D:4      | Reached XP level 7. HP: 26/45 MP: 7/7
  2148 | D:4      | Reached skill level 5 in Shields
  2211 | D:4      | Reached skill level 6 in Fighting
  2319 | D:4      | Found a deep blue altar of Sif Muna.
  2625 | D:5      | Entered Level 5 of the Dungeon
  2625 | D:5      | Noticed Edmund
  2629 | D:5      | Noticed Sigmund
  2632 | D:4      | Reached skill level 5 in Armour
  2650 | D:4      | Killed Edmund
  2693 | D:5      | Killed Sigmund
  2693 | D:5      | Reached XP level 8. HP: 18/52 MP: 8/8
  2956 | D:5      | Reached skill level 7 in Fighting
  3404 | D:5      | Found Negoroef's Book Emporium.
  3404 | D:5      | Noticed Pikel
  3427 | D:5      | Killed Pikel
  3427 | D:5      | Reached skill level 8 in Fighting
  3427 | D:5      | Reached skill level 5 in Maces & Flails
  3603 | D:6      | Reached XP level 9. HP: 44/60 MP: 9/9
  3932 | D:6      | Found a basalt altar of Yredelemnul.
  4027 | D:6      | Found a staircase to the Ecumenical Temple.
  4033 | Temple   | Entered the Ecumenical Temple
  4119 | Temple   | Became a worshipper of Trog the Wrathful
  4255 | D:6      | Found a stormy altar of Qazlal.
  4255 | D:6      | Found a sparkling altar of Nemelex Xobeh.
  4358 | D:6      | Noticed Blork the orc
  4370 | D:6      | Killed Blork the orc
  4671 | D:7      | Reached skill level 9 in Fighting
  4681 | D:7      | Found an iron altar of Okawaru.
  4990 | D:7      | Found Olicyank's Jewellery Emporium.
  5846 | D:8      | Acquired Trog's first power
  6149 | D:9      | Noticed a komodo dragon
  6169 | D:9      | HP: 2/62 [komodo dragon (15)]
  6175 | D:9      | Demolished by a komodo dragon

Vault maps used:
D:1:      evilmike_arrival_crescent
D:2:      grunt_decor_fettered
D:3:      minmay_misc_feat_alley, minmay_item_behind_shaft
D:4:      elyvilon_altar_3, nicolae_overflow_crystal_walls
D:5:      first_bread, serial_shops, nicolae_shop_competitors_out_of_business,
          uniq_pikel, uniq_edmund, uniq_sigmund
D:6:      gammafunk_temple_overflow_forgotten, temple_green, uniq_blork_the_orc
D:7:      lemuel_doored_altar, serial_shops, shop
D:9:      grunt_dithmenos_shadows, dpeg_lair_monsters, uniq_joseph
Temple:   circular_temple_12

Action                   |  1- 3 |  4- 6 |  7- 9 || total
-------------------------+-------+-------+-------++-------
Melee: Flail             |   133 |   164 |   141 ||   438
       Mace              |       |       |   257 ||   257
Invok: Berserk           |       |       |     1 ||     1
  Use: Scroll            |     1 |     7 |     8 ||    16
  Eat: Chunk             |     1 |     3 |    11 ||    15
       Fruit             |       |       |     1 ||     1
       Pizza             |       |       |     1 ||     1
